 Dungeon Crawl Stone Soup version 0.17-a0-2002-g92c7e20 (webtiles) character file.

11379 inmateoo the Arsonist (level 11, -3/68 HPs)
             Began as a Mummy Fire Elementalist on Oct 8, 2015.
             Was a Believer of Ashenzari.
             Slain by a wyvern (17 damage)
             ... on level 9 of the Dungeon on Oct 9, 2015.
             The game lasted 00:29:48 (15062 turns).

inmateoo the Arsonist (Mummy Fire Elementalist)    Turns: 15062, Time: 00:29:48

Health: -3/68      AC: 14    Str: 11    XL:     11   Next: 48%
Magic:  2/20       EV: 15    Int: 17    God:    Ashenzari [**....]
Gold:   559        SH:  0    Dex: 18    Spells: 5 memorised, 7 levels left

rFire  + . .     SeeInvis .     l - +2 short sword (protect) (curse)
rCold  . . .     Clarity  .     i - +3 leather armour {rF+}
rNeg   + + +     SustAt   .     (no shield)
rPois  ∞         Gourm    .     s - +1 helmet
rElec  .         Spirit   .     (no cloak)
rCorr  .         Warding  .     (no gloves)
rMut   .         Stasis   .     e - +0 pair of boots
MR     +....                    (no amulet)
Stlth  +++.......               h - +4 ring of dexterity
                                f - ring of fire (curse)

@: somewhat resistant to hostile enchantments, fairly stealthy
A: no food or potions, fire vulnerability, cold resistance 1, negative energy
resistance 3, torment resistance, unbreathing
a: Scrying, Renounce Religion


You were on level 9 of the Dungeon.
You worshipped Ashenzari.
Ashenzari was pleased with you.
You were not hungry.

You visited 1 branch of the dungeon, and saw 10 of its levels.
You also visited: Ossuary.

You collected 725 gold pieces.
You spent 166 gold pieces at shops.

Inventory:

Hand Weapons
 l - a cursed +2 short sword of protection (weapon)
Missiles
 n - 8 poisoned tomahawks (quivered)
Armour
 e - a +0 pair of boots (worn)
 i - a +3 leather armour of fire resistance (worn)
 s - a +1 helmet (worn)
Jewellery
 f - a cursed ring of fire (left hand)
 h - a +4 ring of dexterity (right hand)
 j - an uncursed ring of protection from fire
Wands
 o - a wand of fire (1)
 q - a wand of enslavement (13)
 r - a wand of frost (18)
 v - a wand of digging (12)
Scrolls
 a - a scroll of blinking
 c - 4 scrolls of teleportation
 d - 3 scrolls of recharging
 g - a scroll of amnesia
 k - 4 scrolls of remove curse
 m - 6 scrolls of identify
 p - a scroll of curse weapon
 t - a scroll of fear
Books
 b - a book of Flames

   Spells                             Type                      Level
   a - Flame Tongue                   Conjuration/Fire             1
   b - Throw Flame                    Conjuration/Fire             2
   c - Conjure Flame                  Conjuration/Fire             3
   d - Inner Flame                    Hexes/Fire                   3
   e - Sticky Flame                   Conjuration/Fire             4
   f - Fireball                       Conjuration/Fire             5


   Skills:
 + Level 5.4 Dodging
 + Level 6.0 Stealth
 + Level 6.4 Spellcasting
 * Level 8.1 Conjurations
 * Level 8.7 Fire Magic
 * Level 3.9 Evocations


You had 7 spell levels left.
You knew the following spells:

 Your Spells              Type           Power        Failure   Level  Hunger
a - Flame Tongue          Conj/Fire      #####        1%          1    N/A
b - Throw Flame           Conj/Fire      ######       1%          2    N/A
c - Conjure Flame         Conj/Fire      ######..     1%          3    N/A
d - Sticky Flame          Conj/Fire      ######..     6%          4    N/A
e - Fireball              Conj/Fire      ######....   14%         5    N/A

Dungeon Overview and Level Annotations

Branches:
Dungeon (10/15)            Temple (0/1) D:5
   Lair: D:8-11         Orc: D:9-12

Altars:
Ashenzari
Cheibriados
Fedhas
Gozag
Makhleb
Okawaru
Ru
Sif Muna
Yredelemnul
The Shining One

Shops:
D:8 [

Annotations:
D:8 exclusion: oklob plant


Innate Abilities, Weirdness & Mutations

You do not eat or drink.
Your flesh is vulnerable to fire.
You are immune to poison.
Your flesh is cold resistant.
You are immune to negative energy.
You are immune to unholy pain and torment.
You can survive without breathing.


Message History

You hear some strange, mumbled words.
Something tries to affect you, but you resist.
The wyvern barely misses you. The wyvern bites you!
There is a stone staircase leading up here.
An orc wizard appears from thin air!
Reactivating autopickup.
The wyvern bites you!
* * * LOW HITPOINT WARNING * * *
You climb upwards.
There is a stone staircase leading down here.
Casting: Conjure Flame
Confirm with . or Enter, or press ? or * to list all spells.
Aiming: Sticky Flame
Press: ? - help, Shift-Dir - straight line, f - wyvern
Aim: a wyvern You feel a surge of power!
The sticky flame hits the wyvern.
The wyvern is moderately wounded.
The wyvern is covered in liquid flames!
The wyvern burns!
The wyvern bites you!
You die...

#.........'.........'.........
#.##...##.#.........####......
#.###.###.##.......## ##.###.
#.###.# #.###.....## ##....
#.##..# #.# ##<..## #.###
#.##.## #.# ##'## #!#
#.##.####.# #.# #.#
#.........# ###.####### #.# #
####.###### #@l.......####.# #
##.## #..............# #
##...## #......##.###### #
##.###.## #....#.##.# #.##
##.#####...##.##.# #.#
#.......<.......# #.##
##.######.)...#### ##.###.##
##.#### ##...## #.#


You could see a wyvern (burning).

Vanquished Creatures
  2 hydras
  The ghost of HungrySpirit the Basher, a novice OgAM of Okawaru (D:9)
  Prince Ribbit (D:8)
  A wraith (D:6)
  2 wyverns
  10 yaks
  A deep elf mage (D:6)
  A hippogriff (D:9)
  3 ice beasts
  11 orc warriors
  3 sky beasts
  A phantom (D:6)
  8 ogres
  5 centaurs
  4 big kobolds
  Blork the orc (D:4)
  3 elf zombies (Ossuary)
  8 giant frogs
  A gnoll sergeant (D:9)
  A wyvern zombie (D:8)
  An elf skeleton (D:6)
  3 scorpions
  17 killer bees
  5 centaur zombies (Ossuary)
  6 crimson imps
  5 human zombies
  11 orc wizards
  3 quasits
  2 centaur skeletons
  A giant frog zombie (D:6)
  A gnoll shaman (D:7)
  5 jellies (D:8)
  3 orc priests
  4 hounds
  An iguana (D:7)
  Natasha (twice) (D:4)
  8 worker ants
  2 sheep (D:8)
  3 mummies (Ossuary)
  2 hound zombies (D:6)
  11 gnolls
  2 shadow imps
  13 adders
  19 oozes
  An adder zombie (D:6)
  2 adder skeletons
  5 worms
  43 orcs
  6 giant cockroaches
  5 hobgoblins
  5 jackals (D:3)
  9 quokkas
  2 ball pythons
  2 bats (D:1)
  7 giant geckos
  3 giant newts
  7 goblins
  9 kobolds
  2 orc skeletons (D:6)
  2 orc zombies (D:6)
  A quokka skeleton (D:4)
  A quokka zombie (D:5)
  10 rats
320 creatures vanquished.

Vanquished Creatures (others)
  A worker ant (D:8)
  An adder (D:8)
  A shadow imp (D:8)
  An orc (D:8)
  A quokka (D:8)
  A fungus (D:8)
  A plant (D:6)
7 creatures vanquished.

Grand Total: 327 creatures vanquished

Notes
Turn   | Place    | Note
--------------------------------------------------------------
     0 | D:1      | inmateoo the Mummy Fire Elementalist began the quest for the Orb.
     0 | D:1      | Reached XP level 1. HP: 13/13 MP: 3/3
   346 | D:1      | Reached skill level 1 in Conjurations
   543 | D:1      | Reached XP level 2. HP: 19/19 MP: 0/5
   556 | D:1      | Learned a level 2 spell: Throw Flame
  1201 | D:2      | Reached skill level 3 in Fire Magic
  1201 | D:2      | Reached XP level 3. HP: 6/24 MP: 0/6
  1207 | D:2      | Learned a level 3 spell: Conjure Flame
  2123 | D:2      | Reached XP level 4. HP: 30/30 MP: 1/7
  2600 | D:3      | Found a basalt altar of Yredelemnul.
  2653 | D:3      | Noticed an ogre
  2805 | D:3      | Found a shattered altar of Ashenzari.
  2809 | D:3      | Became a worshipper of Ashenzari the Shackled
  3125 | D:4      | Reached XP level 5. HP: 31/35 MP: 6/8
  3507 | D:4      | Noticed Natasha
  3610 | D:3      | Killed an ogre
  3610 | D:3      | Reached XP level 6. HP: 41/41 MP: 0/10
  3706 | D:3      | Reached skill level 4 in Fire Magic
  4465 | D:4      | Noticed Blork the orc
  4499 | D:4      | Killed Blork the orc
  4599 | D:4      | Noticed an ogre
  4623 | D:4      | Killed an ogre
  4623 | D:4      | Reached XP level 7. HP: 46/46 MP: 6/11
  4631 | D:4      | Learned a level 4 spell: Sticky Flame
  5147 | D:4      | Killed Natasha
  5234 | D:4      | Noticed an ogre
  5243 | D:4      | Noticed Natasha
  5250 | D:4      | Killed an ogre
  5256 | D:4      | Killed Natasha
  5336 | D:5      | Entered Level 5 of the Dungeon
  5337 | D:5      | Found a sacrificial altar of Ru.
  5577 | D:5      | Found an iron altar of Okawaru.
  5675 | D:5      | Found a staircase to the Ecumenical Temple.
  5891 | D:6      | Noticed a wraith
  5895 | D:6      | Noticed a five-headed hydra
  5920 | D:7      | Reached skill level 5 in Fire Magic
  5920 | D:7      | Reached XP level 8. HP: 27/52 MP: 5/13
  6221 | D:6      | Found a sand-covered staircase.
  6244 | Ossuary  | Entered an ossuary
  6830 | D:6      | Acquired Ashenzari's first power
  6894 | D:6      | Reached skill level 6 in Fire Magic
  6944 | D:6      | Killed a wraith
  6944 | D:6      | Reached skill level 5 in Conjurations
  6944 | D:6      | Reached XP level 9. HP: 51/57 MP: 0/15
  7133 | D:6      | Noticed a deep elf mage
  7143 | D:6      | Killed a deep elf mage
  7637 | D:6      | Killed a five-headed hydra
  8140 | D:6      | Found a deep blue altar of Sif Muna.
  8869 | D:7      | Reached skill level 5 in Stealth
  8869 | D:7      | Reached skill level 5 in Spellcasting
  8869 | D:7      | Reached skill level 7 in Fire Magic
  9284 | D:7      | Reached XP level 10. HP: 63/63 MP: 11/17
 10273 | D:8      | Noticed Prince Ribbit
 10281 | D:8      | Killed Prince Ribbit
 10606 | D:8      | Found a burning altar of Makhleb.
 10699 | D:8      | Reached skill level 1 in Evocations
 11157 | D:8      | Noticed a two-headed hydra
 11167 | D:8      | Killed a two-headed hydra
 11167 | D:8      | Reached skill level 5 in Dodging
 11454 | D:8      | Acquired Ashenzari's second power
 11468 | D:8      | Found Yluitouv's Antique Armour Boutique.
 11483 | D:8      | Bought a shiny helmet for 166 gold pieces
 11623 | D:8      | Noticed an oklob plant
 11694 | D:8      | Reached skill level 8 in Fire Magic
 11711 | D:8      | Learned a level 5 spell: Fireball
 12421 | D:9      | Found an opulent altar of Gozag.
 12432 | D:9      | Reached XP level 11. HP: 68/68 MP: 6/20
 13747 | D:9      | Found a snail-covered altar of Cheibriados.
 14275 | D:9      | Noticed HungrySpirit's ghost (novice OgAM)
 14488 | D:9      | Killed HungrySpirit's ghost
 14856 | D:9      | Found a glowing golden altar of the Shining One.
 14856 | D:9      | Found a blossoming altar of Fedhas.
 14967 | D:10     | Entered Level 10 of the Dungeon
 15062 | D:9      | Slain by a wyvern

Vault maps used:
D:1:      shiori_arrival_elements
D:2:      kennysheep_generic_room_8
D:3:      yredelemnul_altar_generic, first_bread, minivault_26,
          nicolae_ashenzari_panopticon
D:4:      uniq_blork_the_orc, uniq_natasha
D:5:      okawaru_metal_pillars_1_2, temple_hall,
          nicolae_ru_sacrificial_ziggurat
D:6:      hangedman_cross_stitches, led_sif_book,
          nicolae_ossuary_entry_catacombs, kennysheep_boxes
D:8:      lemuel_slime, makhleb_grotto_becter, serial_shops, shop,
          hangedman_ranch, lemuel_flamethrower_2, uniq_prince_ribbit1
D:9:      kennysheep_little_box, gammafunk_temple_overflow_wave, special_room,
          cheibrodos_worm_habitat
D:10:     uniq_nergalle, uniq_sonja
Ossuary:  ossuary_minmay_four_chambers

Action                   |  1- 3 |  4- 6 |  7- 9 | 10-12 || total
-------------------------+-------+-------+-------+-------++-------
Melee: Club              |    35 |    12 |       |       ||    47
       Short sword       |       |   100 |   338 |   303 ||   741
Throw: Tomahawk          |       |       |       |     8 ||     8
 Cast: Flame Tongue      |    72 |    75 |   195 |   321 ||   663
       Conjure Flame     |       |     2 |    24 |    32 ||    58
       Sticky Flame      |       |       |     1 |    12 ||    13
       Fireball          |       |       |       |     2 ||     2
Evoke: Wand              |       |       |     1 |       ||     1
  Use: Scroll            |     8 |     3 |     5 |     3 ||    19
 Stab: Sleeping          |       |     1 |     4 |     8 ||    13
       Distracted        |       |       |     2 |     1 ||     3
